 Dungeon Crawl Stone Soup version 0.31-a0-963-ga325b2283a (webtiles) character file.

Game seed: 15510023236418637543

107 kae the Chopper (level 4, -5/39 HPs)
             Began as a Hill Orc Fighter on Oct 24, 2023.
             Slain by Sigmund
             ... wielding a +0 scythe
              (9 damage)
             ... on level 2 of the Dungeon.
             The game lasted 00:02:59 (1292 turns).

kae the Chopper (Hill Orc Fighter)                  Turns: 1292, Time: 00:03:00

Health: -5/39      AC:  7    Str: 20    XL:     4   Next: 85%
Magic:  4/4        EV: 17    Int:  8    God:
Gold:   77         SH:  0    Dex: 10    Spells: 3/3 levels left

rFire   + + .        a - melded +1 war axe
rCold   + + .        c - melded +0 buckler
rNeg    + + +        b - melded +0 scale mail
rPois   ∞            (helmet currently unavailable)
rElec   +            (cloak currently unavailable)
rCorr   +            (gloves currently unavailable)
SInv    .            (boots currently unavailable)
Will    .....        (amulet currently unavailable)
Stlth   +            R - melded ring of resist corrosion
HPRegen 0.26/turn    (ring currently unavailable)
MPRegen 0.09/turn

%: no passive effects
@: mighty, wisp-form, flying
A: insubstantial, flying, no casting, tiny
a: no special abilities


You were on level 2 of the Dungeon.
You were an insubstantial wisp.
You visited 1 branch of the dungeon, and saw 2 of its levels.

You collected 77 gold pieces.


   Skills:
 - Level 3.6 Fighting
 + Level 6.5 Axes
 - Level 3.2 Armour
 - Level 3.2 Shields


You had 3 spell levels left.
You didn't know any spells.
Your spell library was empty.

Inventory:

Hand Weapons
 a - a +1 war axe (melded)
Missiles
 e - 5 boomerangs
Armour
 b - a +0 scale mail (melded)
 c - a +0 buckler (melded)
Jewellery
 R - a ring of resist corrosion (melded)
   (You found it on level 1 of the Dungeon)
Potions
 h - a potion of mutation {!q}

Dungeon Overview and Level Annotations

Branches:
Dungeon (2/15) Zot: 10662

Altars:

Annotations:
D:2 Sigmund

##.# ##)##### #.# #. #.#
##.#### #. #.# ......#
#. #+# ##.##.# ###.##
##.##.# #..#.# . ##.##.#
#.#..## ...
.#.##.####.#...####.....
................v{'...).
......####.#...####.....
##.###........†# ...
#..# #.###.###.# . #.##
#.###.###.# #.
#.##...##.# #.
#.##...##.# #.
#.##...##.######
#.###.#........#


There were no monsters in sight!


Message History

Your hp is fully restored (39).
A ball python is nearby!
A ball python is nearby!
A ball python is nearby!
Unknown command.
You slash the ball python!
You kill the ball python!
No target in view!
A ball python comes into view.
Sigmund the Dreaded comes into view.
He is wielding a +0 scythe and carrying a wand of polymorph.
Sigmund shouts!
Sigmund gestures wildly while chanting.
Sigmund flickers and vanishes!
Deactivating autopickup; reactivate with Ctrl-A.
You hit the ball python.
You kill the ball python!
No target in view!
No target in view!
No target in view!
You are confused.
You hear a zap.
Something tries to affect you, but you resist.
Unknown command.
Unknown command.
Something hits you! 😮 HP[-10]
You take 10 damage, and now have 29/39 hp.
MASSIVE DAMAGE!! (PAUSE)
You bump into the rock wall. 😕 HP[+1] You're too confused to move!
Something hits you. 😮 HP[-5]
You take 5 damage, and now have 25/39 hp.
You are too confused!
You bump into the rock wall.
You feel less confused.
You hear some strange, mumbled words.
You are confused.
Unknown command.
You hear some strange, mumbled words.
A puff of flame appears from out of thin air!
The puff of flame hits you. 😮 HP[-1]
You take 1 damage, and now have 24/39 hp.
Okay, then.
Unknown command.
It was a potion of curing.
You feel better.
You hear some strange, mumbled words.
You are confused. 😕 HP[+6]
You regained 6 hp, and now have 30/39 hp.
You bump into the rock wall.
Something hits you! 😮 HP[-8]
You take 8 damage, and now have 22/39 hp.
MASSIVE DAMAGE!! (PAUSE)
You bump into the rock wall.
You completely miss something. Something hits you. 😮 HP[-1]
You take 1 damage, and now have 21/39 hp.
Unknown command.
You barely miss something.
Something hits you but does no damage. 😮 HP[+1] Unknown command.
You barely miss something.
You feel less confused.
You hear a zap.
Something tries to affect you, but you resist.
Unknown command.
You aren't carrying any scrolls.
You feel very mighty all of a sudden. Something hits you.
* * * LOW HITPOINT WARNING * * *
😨 HP[-6]
You take 6 damage, and now have 16/39 hp.
You closely miss something. Something hits you!
* * * LOW HITPOINT WARNING * * *
😱 HP[-7]
You take 7 damage, and now have 9/39 hp.
You closely miss something. You block something's attack.
You miss something. You miss something.
You hear some strange, mumbled words.
Something tries to affect you, but you resist.
Unknown command. 😨 HP[+1]
You miss something.
You hear a zap.
You turn into an insubstantial wisp.
Your +1 war axe melds into your body.
Your +0 buckler melds into your body.
Your +0 scale mail melds into your body.
Your ring of resist corrosion melds into your body.
Something hits you.
* * * LOW HITPOINT WARNING * * *
😱 HP[-6]
You take 6 damage, and now have 4/39 hp.
Unknown command.
You completely miss something. You closely miss something. Something hits you!
You die...

Skill      XL: |  1  2  3  4 |
---------------+-------------+-----
Axes           | 3 4 5 6 |  6.5
Fighting       | |  3.6
Armour         | |  3.2
Shields        | |  3.2

Action                     |  1- 3 |  4- 6 || total
---------------------------+-------+-------++-------
  Melee: War axe           |    89 |    24 ||   113
         Unarmed           |       |     2 ||     2
    Use: Scroll            |     4 |     1 ||     5
         Potion            |       |     2 ||     2
 Armour: Scale mail        |    58 |    15 ||    73
         Skin              |       |     2 ||     2
  Dodge: Dodged            |    39 |     5 ||    44
  Block: Buckler           |    14 |     6 ||    20

Levels and vault maps discovered:
D:1:      giann_bridges, layout_basic,
          dreamdust_ecumenical_altar_angels_and_demons, minivault_27
D:2:      layout_loops_corners, uniq_natasha, uniq_robin, uniq_sigmund,
          uniq_terence

Notes
Turn   | Place    | Note
-------+----------+-------------------------------------------
     0 | D:1      | kae the Hill Orc Fighter began the quest for the Orb.
     0 | D:1      | Reached XP level 1. HP: 19/19 MP: 1/1
     0 | D:1      | magus.rc [v1.11.3]
   129 | D:1      | Reached skill level 3 in Axes
   360 | D:1      | Reached XP level 2. HP: 23/26 MP: 2/2
   509 | D:1      | Found a faded altar of an unknown god.
   715 | D:2      | Reached skill level 4 in Axes
   749 | D:2      | Reached XP level 3. HP: 31/31 MP: 3/3
   910 | D:2      | Reached skill level 5 in Axes
  1038 | D:2      | Noticed Terence
  1058 | D:2      | HP: 7/31 [Terence/+0 short sword (6)]
  1059 | D:2      | Killed Terence
  1060 | D:2      | Reached XP level 4. HP: 9/39 MP: 4/4
  1064 | D:2      | Reached skill level 6 in Axes
  1192 | D:2      | Noticed Natasha
  1201 | D:2      | Killed Natasha
  1268 | D:2      | Noticed Sigmund
  1286 | D:2      | HP: 9/39 [something (8)]
  1290 | D:2      | HP: 4/39 [something (6)]
  1292 | D:2      | Slain by Sigmund

Vanquished Creatures
  Terence (D:2)
  Natasha (D:2)
  2 adders (D:2)
  5 dart slugs
  4 endoplasms (D:2)
  A giant cockroach (D:1)
  2 hobgoblins
  4 jackals (D:2)
  A quokka (D:1)
  5 ball pythons
  A goblin (D:2)
  3 kobolds (D:2)
  A rat (D:1)
31 creatures vanquished.

Table legend:
 A = Non-vault XP
 B = Vault XP
 C = Vault XP percentage of total XP
 D = Non-vault monster count
 E = Vault monster count
 F = Vault count percentage of total count
                 A         B        C        D         E       F
            +---------+---------+-------+---------+---------+-------
      Total |      82 |      71 |  46.4 |      29 |       2 |   6.5
            +---------+---------+-------+---------+---------+-------
        D:1 |      15 |       0 |   0.0 |       8 |       0 |   0.0
        D:2 |      67 |      71 |  51.4 |      21 |       2 |   8.7
            +---------+---------+-------+---------+---------+-------

Skill      XL: |  1  2  3  4 |
---------------+-------------+-----
Axes           | 3 4 5 6 |  6.5
Fighting       | |  3.6
Armour         | |  3.2
Shields        | |  3.2

Action                     |  1- 3 |  4- 6 || total
---------------------------+-------+-------++-------
  Melee: War axe           |    89 |    24 ||   113
         Unarmed           |       |     2 ||     2
    Use: Scroll            |     4 |     1 ||     5
         Potion            |       |     2 ||     2
 Armour: Scale mail        |    58 |    15 ||    73
         Skin              |       |     2 ||     2
  Dodge: Dodged            |    39 |     5 ||    44
  Block: Buckler           |    14 |     6 ||    20

Illustrated notes

Table legend:
 A = Kills in this place as a percentage of kills in the entire game.
 B = Kills by you in this place as a percentage of kills by you in the entire game.
 C = Kills by friends in this place as a percentage of kills by friends in the entire game.
 D = Other kills in this place as a percentage of other kills in the entire game.
 E = Experience gained in this place as a percentage of experience gained in the entire game.
 F = Experience gained in this place divided by the number of levels of this place that you have seen.
                   A       B       C       D       E      F
               +-------+-------+-------+-------+-------+----------------------
         Total | 100.0 | 100.0 |   N/A |   N/A | 100.0 |  76.5
       Dungeon | 100.0 | 100.0 |   N/A |   N/A | 100.0 |  76.5
               +-------+-------+-------+-------+-------+----------------------

Table legend: (Time is in decaauts)
 A = Elapsed time spent in this place.
 B = Non-inter-level travel time spent in this place.
 C = Inter-level travel time spent in this place.
 D = Time resting spent in this place.
 E = Time spent auto-exploring this place.
 F = Levels seen in this place.
 G = Mean time per level.
                   A        B        C        D        E       F      G
               +--------+--------+--------+--------+--------+-----+--------+
         Total |   1336 |   1313 |     23 |    101 |    926 |   2 |  668.0 |
       Dungeon |   1336 |   1313 |     23 |    101 |    926 |   2 |  668.0 |
               +--------+--------+--------+--------+--------+-----+--------+

Top non-repeatable levels by time:
     D:1: 797 daAuts
     D:2: 538 daAuts
